 Dungeon Crawl Stone Soup version 0.32-a0-290-g598725c5f2 (webtiles) character file.

Game seed: 13585699215422372049

154 jasper the Chopper (level 5, -3/45 HPs)
             Began as a Mountain Dwarf Fighter on Feb 13, 2024.
             Was an Initiate of Beogh.
             Killed from afar by an orc wizard (6 damage)
             ... with a magic dart
             ... on level 4 of the Dungeon.
             The game lasted 00:03:32 (1111 turns).

jasper the Chopper (Mountain Dwarf Fighter)         Turns: 1111, Time: 00:03:33

Health: -3/45      AC:  8    Str: 19    XL:     5   Next: 13%
Magic:  5/5        EV:  9    Int: 10    God:    Beogh [......]
Gold:   7          SH:  4    Dex:  9    Spells: 4/4 levels left

rFire   . . .        a - +0 war axe (freeze)
rCold   . . .        c - +0 buckler
rNeg    . . .        b - +0 scale mail
rPois   .            i - +0 helmet
rElec   .            (no cloak)
rCorr   .            (no gloves)
SInv    .            (no boots)
Will    .....        (no amulet) Stlth
                     (no ring)
HPRegen 0.27/turn    (no ring)
MPRegen 0.09/turn

%: no passive effects
@: mighty, invisible
A: runic magic, artefact enchanting
a: Renounce Religion


You were on level 4 of the Dungeon.
You worshipped Beogh.
Beogh was noncommittal.
You visited 1 branch of the dungeon, and saw 3 of its levels.

You collected 130 gold pieces.
You spent 123 gold pieces at shops.

Inventory:

Hand Weapons
 a - a +0 war axe of freezing (weapon)
 n - a +5 club
Missiles
 k - 14 stones (quivered)
Armour
 b - a +0 scale mail (worn)
 c - a +0 buckler (worn)
 i - a +0 helmet (worn)
Jewellery
 g - a ring of fire
Scrolls
 o - 2 scrolls of teleportation
Potions
 e - a potion of brilliance
 f - a potion of attraction {unknown}
 h - a potion of cancellation
 j - a potion of enlightenment {unknown}
 l - a potion of invisibility
 m - a potion of curing {unknown}


   Skills:
 - Level 3.2 Fighting
 + Level 6.5 Axes
 - Level 3.2 Armour
 - Level 3.2 Shields


You had 4 spell levels left.
You didn't know any spells.
Your spell library was empty.

Dungeon Overview and Level Annotations

Branches:
Dungeon (4/15)
 Temple: D:4-7

Altars:

Shops:
D:2 (*[?


Innate Abilities, Weirdness & Mutations

Your spellcasting is much less encumbered by armour.
You can use scrolls of enchantment on lesser artefacts.


Message History

You take 3 damage, and have 13/38 hp.
You slash the jelly! You freeze the jelly.
Your hands burn!
* * * LOW HITPOINT WARNING * * *
The jelly is almost dead.
You hit the kobold. You freeze the kobold.
You kill the kobold!
Beogh accepts your kill. The jelly barely misses you.
The jelly hits you but does no damage.
You take 2 damage, and have 11/38 hp.
You fade into invisibility!
Something hits you but does no damage. The jelly completely misses you.
You feel very mighty all of a sudden.
You hear some strange, mumbled words.
A magic dart appears from out of thin air!
The magic dart hits you!
* * * LOW HITPOINT WARNING * * *
The jelly hits you but does no damage.
You take 7 damage, and have 4/38 hp.
You slash the jelly! You freeze the jelly.
You kill the jelly!
Beogh accepts your kill.
You closely miss something. Something hits you.
* * * LOW HITPOINT WARNING * * *
The jackal pauses to sniff the ground.
The jackal barely misses you. Something hits you.
* * * LOW HITPOINT WARNING * * *
You have reached level 5!
You take 3 damage, and have 1/45 hp.
MP restored: 5 You slice the jackal!!
You freeze the jackal.
You kill the jackal!
Beogh accepts your kill.
You swing at nothing.
You swing at nothing.
You swing at nothing.
A puff of flame appears from out of thin air!
A magic dart appears from out of thin air!
The magic dart hits you.
You die...
Beogh appreciates something's killing of a heretic priest.

..... #.....###
...... #........
......###.....≈≈≈
................≈
.......#.#.....ß..
.................≈
.......#>{.###.≈≈
.......#$).#
...$.#.#@#.#
.........(.#
...........#
.?......#......
..............#
.....#.........#
.##.#####......#
#. ......... #
.#...##.o


There were no monsters in sight!

Vanquished Creatures
  A jelly (D:4)
  Robin (D:2)
  An adder (D:2)
  3 dart slugs
  A ribbon worm (D:2)
  4 orcs
  7 ball pythons
  3 endoplasms (D:1)
  4 giant cockroaches
  10 goblins
  6 hobgoblins
  3 jackals (D:4)
  2 quokkas
  A bat (D:1)
  3 frilled lizards
  A kobold (D:4)
  2 rats (D:1)
53 creatures vanquished.

Vanquished Creatures (others)
  An orc (D:2)
1 creature vanquished.

Grand Total: 54 creatures vanquished

Notes
Turn   | Place    | Note
-------+----------+-------------------------------------------
     0 | D:1      | jasper the Mountain Dwarf Fighter began the quest for the
                  | Orb.
     0 | D:1      | Reached XP level 1. HP: 19/19 MP: 1/1
    54 | D:1      | Reached skill level 3 in Axes
    57 | D:1      | Reached XP level 2. HP: 21/26 MP: 2/2
   122 | D:1      | Reached skill level 4 in Axes
   224 | D:1      | Reached XP level 3. HP: 31/31 MP: 3/3
   621 | D:2      | Found Tegiasi's Armour Shoppe.
   684 | D:2      | Reached skill level 5 in Axes
   687 | D:2      | Became a worshipper of Beogh the Shepherd
   725 | D:2      | Bought a +0 helmet for 45 gold pieces
   816 | D:2      | Noticed Robin
   825 | D:2      | Reached XP level 4. HP: 37/38 MP: 4/4
   832 | D:2      | Killed Robin
   898 | D:2      | Found Enuimoc's Magic Scroll Boutique.
   904 | D:2      | Bought a scroll of teleportation for 39 gold pieces
   904 | D:2      | Bought a scroll of teleportation for 39 gold pieces
   970 | D:2      | Found Utae's Assorted Antiques.
   971 | D:2      | Found Meriepta's Weapon Shop.
  1029 | D:2      | Reached skill level 6 in Axes
  1066 | D:2      | You fall into a shaft and drop 2 floors!
  1105 | D:4      | HP: 1/38 [something (1)]
  1106 | D:4      | Reached XP level 5. HP: 1/45 MP: 5/5
  1111 | D:4      | Killed from afar by an orc wizard

Illustrated notes

Levels and vault maps discovered:
D:1:      evilmike_arrival_hilbert_curve, layout_rooms,
          corexii_item_surrounded_by_moat
D:2:      layout_rooms, serial_shops, shop, nicolae_shop_trees, shop, shop,
          uniq_robin
D:4:      layout_rooms, mainiacjoe_overflow_catwalk, minmay_fractal_squares_5

Skill      XL: |  1  2  3  4 |
---------------+-------------+-----
Axes           | 3 4 5 6 |  6.5
Fighting       | |  3.2
Armour         | |  3.2
Shields        | |  3.2

Action                     |  1- 3 |  4- 6 || total
---------------------------+-------+-------++-------
  Melee: War axe           |    75 |    47 ||   122
 Invoke: Convert to Beogh  |     1 |       ||     1
    Use: Scroll            |     4 |       ||     4
         Potion            |       |     4 ||     4
 Armour: Scale mail        |    43 |    61 ||   104
  Dodge: Dodged            |    30 |    52 ||    82
  Block: Buckler           |     9 |     7 ||    16

Table legend: (Time is in decaauts)
 A = Elapsed time spent in this place.
 B = Non-inter-level travel time spent in this place.
 C = Inter-level travel time spent in this place.
 D = Time resting spent in this place.
 E = Time spent auto-exploring this place.
 F = Levels seen in this place.
 G = Mean time per level.
                   A        B        C        D        E       F      G
               +--------+--------+--------+--------+--------+-----+--------+
         Total |   1149 |   1122 |     27 |    102 |    641 |   3 |  383.0 |
       Dungeon |   1149 |   1122 |     27 |    102 |    641 |   3 |  383.0 |
               +--------+--------+--------+--------+--------+-----+--------+

Top non-repeatable levels by time:
     D:1: 664 daAuts
     D:2: 435 daAuts
     D:4: 48 daAuts
